 Dungeon Crawl Stone Soup version 0.31-a0-516-gfcb59812bd (webtiles) character file.

Game seed: 15834048937219833526

211 Gargoyl the Trooper (level 5, -3/51 HPs)
             Began as a Gargoyle Berserker on Aug 10, 2023.
             Was a Believer of Trog.
             Slain by a gnoll
             ... wielding a +0 spear
              (5 damage)
             ... on level 4 of the Dungeon.
             The game lasted 00:03:42 (2943 turns).

Gargoyl the Trooper (Gargoyle Berserker)            Turns: 2943, Time: 00:03:42

Health: -3/51      AC:  6    Str: 20    XL:     5   Next: 88%
Magic:  5/5        EV: 12    Int:  8    God:    Trog [**....]
Gold:   151        SH:  0    Dex: 11    Spells: 4/4 levels left

rFire   . . .        u - +0 broad axe
rCold   . . .        (no shield)
rNeg    + . .        b - +0 animal skin
rPois   ∞            (no helmet)
rElec   +            (no cloak)
rCorr   .            (no gloves)
SInv    .            (no boots)
Will    .....        (no amulet) Stlth
                     (no ring)
HPRegen 0.28/turn    (no ring)
MPRegen 0.09/turn

%: no passive effects
@: berserking (expiring), very quick
A: sickness immunity, AC +4, negative energy resistance 1, electricity
resistance, torment resistance 1, petrification resistance
a: Renounce Religion, Berserk, Trog's Hand


You were on level 4 of the Dungeon.
You worshipped Trog.
Trog was pleased with you.
You visited 1 branch of the dungeon, and saw 4 of its levels.

You collected 151 gold pieces.

Inventory:

Hand Weapons
 a - a +0 hand axe
 m - a +3 vampiric short sword
 u - a +0 broad axe (weapon)
Missiles
 p - 10 poisoned darts (quivered)
Armour
 b - a +0 animal skin (worn)
Jewellery
 i - an amulet of magic regeneration
 r - a ring of see invisible
Scrolls
 c - 2 scrolls of vulnerability
 f - a scroll of poison
 g - a scroll of brand weapon {unknown}
 h - 2 scrolls of identify {unknown}
 j - 2 scrolls of fog
 k - a scroll of blinking {unknown}
 n - a scroll of noise {unknown}
 t - a scroll of silence {unknown}
Potions
 d - a potion of brilliance {unknown}
 e - 2 potions of magic {unknown}
 l - a potion of berserk rage {unknown}
 o - a potion of enlightenment {unknown}
 q - a potion of heal wounds {unknown}
 s - a potion of resistance {unknown}


   Skills:
 + Level 4.3 Fighting
 + Level 1.5 Short Blades
 + Level 4.0 Axes
 + Level 2.2 Armour
 + Level 2.6 Dodging
 + Level 1.1 Stealth


You had 4 spell levels left.
You didn't know any spells.
Your spell library was empty.

Dungeon Overview and Level Annotations

Branches:
Dungeon (4/15)
 Temple: D:4-7

Altars:
Elyvilon

Shops:
D:3 ([!:


Innate Abilities, Weirdness & Mutations

You are immune to sickness and miasma.
Your stone body is resilient. (AC +4)
You are immune to poison.
You resist negative energy. (rN+)
You are resistant to electric shocks. (rElec)
You are resistant to unholy torment.
You are immune to petrification.


Message History

A red film seems to cover your vision as you go berserk!
You feel yourself moving faster!
You feel mighty!
The adder zombie bites you but does no damage.
The gnoll hits you with a +0 trident.
You slash the gnoll!
The gnoll is severely wounded.
You barely miss the adder zombie. The adder zombie bites you.
You barely miss the gnoll. You slash the adder zombie!
You destroy the adder zombie!
Trog accepts your kill.
You hit the gnoll. The gnoll hits you with a +0 flail.
The gnoll hits you with a +0 trident!
* * * LOW HITPOINT WARNING * * *
Unknown command.
You slice the gnoll!!
You kill the gnoll!
Trog accepts your kill.
You barely miss the gnoll. The gnoll hits you with a +0 trident!
* * * LOW HITPOINT WARNING * * *
The gnoll hits you from afar with a +0 spear.
* * * LOW HITPOINT WARNING * * *
Found a club.
The adder zombie barely misses you.
Things that are here:
a +0 flail; a +0 robe You slash the adder zombie!
The adder zombie is heavily damaged.
You slash the gnoll!
You kill the gnoll!
Trog accepts your kill.
You slash the gnoll! The adder zombie closely misses you.
The gnoll closely misses you.
The gnoll hits you from afar with a +0 spear.
* * * LOW HITPOINT WARNING * * *
Your Axes skill increases to level 4!
You barely miss the gnoll.
The gnoll is almost dead.
You barely miss the adder zombie.
The adder zombie bites you but does no damage.
The gnoll hits you but does no damage. The gnoll hits you with a +0 spear.
You die...

... ..♣ ... #####♣♣
♣.♣ ....... ♣.♣ ..
.......♣♣.♣♣...) ##
.......)Zgg..... .#
#.@# ' .## ####†.#
..+ +.....+ ..#
#.....# .##
#+###†.###
.########..##..####..
###..................
.##.........!........
.......######..###...


You could see 2 gnolls and an adder zombie.

Vanquished Creatures
  An orc wizard (D:4)
  A hound zombie (D:4)
  7 adders
  2 gnolls (D:4)
  An adder zombie (D:4)
  16 orcs
  4 ball pythons
  6 bats
  5 endoplasms
  2 giant cockroaches
  5 hobgoblins
  8 kobolds
  2 quokkas (D:1)
  A frilled lizard (D:2)
  6 goblins
  3 rats
70 creatures vanquished.

Notes
Turn   | Place    | Note
-------+----------+-------------------------------------------
     0 | D:1      | Gargoyl the Gargoyle Berserker began the quest for the Orb.
     0 | D:1      | Reached XP level 1. HP: 14/14 MP: 1/1
   127 | D:1      | Reached XP level 2. HP: 19/19 MP: 2/2
   381 | D:1      | Found a faded altar of an unknown god.
   982 | D:2      | Reached XP level 3. HP: 24/24 MP: 3/3
  1697 | D:3      | Reached XP level 4. HP: 29/29 MP: 4/4
  1719 | D:3      | Reached ** piety under Trog
  1780 | D:3      | Found Zeryocek's Distillery.
  1818 | D:3      | Found Dudwil's Weapon Emporium.
  1930 | D:3      | Found Luxzemp's Book Shop.
  2095 | D:3      | Found a white marble altar of Elyvilon.
  2197 | D:3      | Found Hepteynt's Armour Boutique.
  2726 | D:4      | Reached skill level 1 in Short Blades
  2726 | D:4      | Reached XP level 5. HP: 16/33 MP: 5/5
  2910 | D:4      | Reached skill level 1 in Stealth
  2942 | D:4      | HP: 1/51 [gnoll/+0 spear (2)]
  2943 | D:4      | Slain by a gnoll

Illustrated notes

Levels and vault maps discovered:
D:1:      lemuel_arrival_funnel, layout_basic,
          shapermc_ecumenical_altar_hornbeckon, minivault_26,
          minmay_pentomino_x4
D:2:      layout_rooms, nicolae_eternal_life
D:3:      layout_loops_ring, nicolae_elyvilon_temple_path, serial_shops, shop,
          shop, nicolae_shop_industrial_runoff, nicolae_shop_scrapyard
D:4:      layout_gridville, nicolae_yredelemnul_corpse_copse,
          uniq_crazy_yiuf_cottage

Skill      XL: |  1  2  3  4  5 |
---------------+----------------+-----
Axes           | 3 4 |  4.0
Dodging        | 2 |  2.6
Fighting       | 4 |  4.3
Short Blades   | 1 |  1.5
Stealth        | 1 |  1.1
Armour         | |  2.2

Action                     |  1- 3 |  4- 6 || total
---------------------------+-------+-------++-------
  Melee: Hand axe          |    77 |       ||    77
         Short sword       |    41 |    69 ||   110
         Broad axe         |       |    60 ||    60
 Invoke: Berserk           |     2 |     3 ||     5
         Trog's Hand       |       |     2 ||     2
    Use: Scroll            |     4 |       ||     4
   Stab: Sleeping          |       |     1 ||     1
 Armour: Animal skin       |    65 |    48 ||   113
  Dodge: Dodged            |    93 |    79 ||   172

Table legend: (Time is in decaauts)
 A = Elapsed time spent in this place.
 B = Non-inter-level travel time spent in this place.
 C = Inter-level travel time spent in this place.
 D = Time resting spent in this place.
 E = Time spent auto-exploring this place.
 F = Levels seen in this place.
 G = Mean time per level.
                   A        B        C        D        E       F      G
               +--------+--------+--------+--------+--------+-----+--------+
         Total |   3015 |   2779 |    236 |      4 |   2045 |   4 |  753.8 |
       Dungeon |   3015 |   2779 |    236 |      4 |   2045 |   4 |  753.8 |
               +--------+--------+--------+--------+--------+-----+--------+

Top non-repeatable levels by time:
     D:1: 1125 daAuts
     D:3: 853 daAuts
     D:2: 742 daAuts
     D:4: 293 daAuts
